 Dungeon Crawl Stone Soup version 0.20-a0-214-gb74cb0e (webtiles) character file.

7799 KristoblXynda the Protected (level 11, -3/79 HPs)
             Began as a Deep Dwarf Fighter on Nov 27, 2016.
             Was an Elder of Makhleb.
             Slain by Psyche
             ... wielding a +4 dagger of chaos
              (8 damage)
             ... on level 10 of the Dungeon.
             The game lasted 00:23:14 (9118 turns).

KristoblXynda the Protected (Deep Dwarf Fighter)    Turns: 9118, Time: 00:23:15

Health: -3/79      AC: 11    Str: 21    XL:     11   Next: 1%
Magic:  14/14      EV:  7    Int: 11    God:    Makhleb [****..]
Gold:   428        SH: 12    Dex: 12    Spells: 10/10 levels left

rFire  . . .     SeeInvis .     a - +2 war axe
rCold  . . .     Gourm    .     l - +0 chain mail (curse)
rNeg   . . .     Faith    .     c - +0 shield
rPois  .         Spirit   .     (no helmet)
rElec  .         Reflect  .     (no cloak)
rCorr  .         Harm     .     (no gloves)
MR     ++...                    (no boots)
Stlth  ..........               (no amulet)
                                (no ring)
                                w - ring of wizardry

@: very slightly contaminated, non-regenerating, invisible
A: damage resistance, recharge devices, talons 1, frail 1, magic resistance 1,
sense surroundings 2, slow regeneration 3, wild magic 1
a: Device Recharging, Minor Destruction, Lesser Servant of Makhleb, Major
Destruction, Renounce Religion


You were on level 10 of the Dungeon.
You worshipped Makhleb.
Makhleb was greatly pleased with you.
You were not hungry.

You visited 2 branches of the dungeon, and saw 11 of its levels.

You collected 593 gold pieces.
You spent 165 gold pieces at shops.

Inventory:

Hand Weapons
 a - a +2 war axe (weapon)
 u - a +0 broad axe
Missiles
 s - 11 javelins (quivered)
 v - a throwing net
Armour
 c - a +0 shield (worn)
 l - a cursed +0 chain mail (worn)
Jewellery
 d - an uncursed amulet of magic regeneration {unknown}
 w - a ring of wizardry (left hand)
Wands
 q - a wand of heal wounds (0/9)
Scrolls
 m - 4 scrolls of immolation
 n - 3 scrolls of enchant armour
 r - a scroll of fog
 z - a scroll of identify
Potions
 e - 2 potions of resistance
 g - a potion of berserk rage {unknown}
 h - a potion of mutation
 p - 2 potions of flight
 t - a potion of brilliance
Books
 y - a book of Battle

   Spells                             Type                      Level
   a - Infusion                       Charms                       1
   b - Shroud of Golubria             Charms/Translocation         2
   c - Song of Slaying                Charms                       2
   d - Spectral Weapon                Hexes/Charms                 3
   e - Regeneration                   Charms/Necromancy            3
Comestibles
 f - 12 bread rations
 k - 7 meat rations
 o - 5 beef jerkies


   Skills:
 - Level 2.6 Fighting
 - Level 10.2 Axes
 + Level 10.9 Armour
 + Level 10.9 Shields
 + Level 4.5 Invocations
 + Level 4.1 Evocations


You had 10 spell levels left.
You didn't know any spells.

Dungeon Overview and Level Annotations

Branches:
Dungeon (10/15)            Temple (1/1) D:7             Orc (0/2) D:9
   Lair: D:8-11

Altars:
Ashenzari
Cheibriados
Dithmenos
Elyvilon
Fedhas
Gozag
Hepliaklqana
Kikubaaqudgha
Makhleb
Nemelex Xobeh
Okawaru
Qazlal
Ru
Sif Muna
Trog
Uskayaw
Vehumet
Xom
Yredelemnul
Zin
The Shining One

Shops:
D:8 ![(?   D:9 (

Annotations:
D:10 Joseph, Psyche


Innate Abilities, Weirdness & Mutations

You are resistant to damage.
You can recharge devices by infusing magical energy.
You passively map the area around you.
You do not regenerate.
You have sharp toenails.
You are frail. (-10% HP)
You are resistant to hostile enchantments. (MR+)
Your spells are a little harder to cast, but a little more powerful.


Message History

Psyche is almost dead.
Psyche closely misses you.
You barely miss Psyche.
Psyche is almost dead.
Psyche casts a spell at you. The magic dart hits you!
Psyche points at you and mumbles some strange words.
The puff of frost hits you!
* * * LOW HITPOINT WARNING * * *
You closely miss Psyche. Your kick misses Psyche.
Psyche is almost dead.
Psyche begins to cast a cantrip, but forgets the words!
You closely miss Psyche. You claw Psyche, but do no damage.
Psyche is almost dead.
You block Psyche's attack.
You catch the helpless Psyche completely off-guard!
You hit Psyche.
Psyche is almost dead.
Psyche hits you but does no damage.
You are electrocuted!
You die...

≈ ≈ ,*#.#.###.# ,
* * ≈ ≈
##.#.#...## ,, ≈≈
≈≈#.#..#.#.#..#
** ≈
#.#..#.#.#..#* *
* ≈
###...........# ,
* ,......#.....##
,#.##..#.#...###
* * , , , ,
......#.....####
*,, , , ,,
,.####...##....@#
, , ,
........##.###@#
, ,,, ,
.#.##..>##.# ..#
, , , , .
#...##.#.### * ,,
, , *###.##.#.*
,, , ,* ####.#..#
* * * * ,
#....#.##, ,
#.####.* * , ,
#.##<# **


You could see Psyche.

Vanquished Creatures
  A centaur warrior (D:9)
  An unseen horror (D:9)
  The ghost of Lochraine the Poker, a novice HuSk of Sif Muna (D:4)
  2 trolls
  Prince Ribbit (D:7)
  A hippogriff (D:9)
  8 yaks
  Grum (D:8)
  5 orc warriors
  An ice beast (D:6)
  A sky beast (D:5)
  2 phantoms
  7 ogres
  A centaur (D:7)
  4 wolves
  A big kobold (D:8)
  7 bullfrogs
  2 wyvern skeletons
  A scorpion (D:9)
  3 howler monkeys
  5 wights (D:9)
  4 crimson imps
  A jelly (D:8)
  A centaur zombie (D:8)
  5 hounds
  An iron imp (D:8)
  7 orc wizards
  3 bullfrog skeletons
  7 orc priests
  A centaur skeleton (D:4)
  Ijyb (D:3)
  2 iguanas
  7 worker ants
  10 adders
  A howler monkey skeleton (D:9)
  2 shadow imps
  2 oozes
  An adder zombie (D:6)
  An adder skeleton (D:7)
  3 worms
  2 dart slugs
  8 leopard geckos
  50 orcs
  2 ball pythons
  7 bats
  4 giant cockroaches
  6 goblins
  9 hobgoblins
  13 jackals
  7 quokkas
  3 frilled lizards
  A jackal skeleton (D:5)
  A jackal zombie (D:7)
  11 kobolds
  4 rats
244 creatures vanquished.

Notes
Turn   | Place    | Note
-------+----------+-------------------------------------------
     0 | D:1      | KristoblXynda the Deep Dwarf Fighter began the quest for the Orb.
     0 | D:1      | Reached XP level 1. HP: 20/20 MP: 1/1
    76 | D:1      | Reached XP level 2. HP: 18/27 MP: 2/2
   876 | D:2      | Reached XP level 3. HP: 20/33 MP: 3/3
  1458 | D:2      | Found a basalt altar of Yredelemnul.
  1458 | D:2      | Found a shattered altar of Ashenzari.
  1601 | D:3      | Noticed Ijyb
  1615 | D:3      | Killed Ijyb
  1615 | D:3      | Reached XP level 4. HP: 20/40 MP: 4/4
  1787 | D:3      | Noticed a bullfrog
  1797 | D:3      | HP: 1/40 [orc priest/divine providence (7)]
  1811 | D:3      | Killed a bullfrog
  1811 | D:3      | Reached XP level 5. HP: 22/46 MP: 5/5
  2120 | D:3      | Noticed an ogre
  2136 | D:3      | Killed an ogre
  2136 | D:3      | Reached skill level 5 in Armour
  2136 | D:3      | Reached XP level 6. HP: 23/55 MP: 6/6
  2253 | D:3      | Found a hazy altar of Hepliaklqana.
  2816 | D:4      | Noticed Lochraine's ghost (novice HuSk)
  2847 | D:4      | Killed Lochraine's ghost
  2847 | D:4      | Reached skill level 5 in Axes
  2847 | D:4      | Reached skill level 5 in Shields
  2847 | D:4      | Reached XP level 7. HP: 21/61 MP: 7/7
  3099 | D:4      | Found a shadowy altar of Dithmenos.
  3099 | D:4      | Found a burning altar of Makhleb.
  3106 | D:4      | Became a worshipper of Makhleb the Destroyer
  3203 | D:4      | Found an iron altar of Okawaru.
  3248 | D:4      | Found a white marble altar of Elyvilon.
  3312 | D:5      | Entered Level 5 of the Dungeon
  3431 | D:5      | Reached * piety under Makhleb
  3600 | D:5      | Gained mutation: You have sharp toenails. [mutagenic meat]
  3601 | D:5      | Gained mutation: You are frail. (-10% HP) [mutagenic meat]
  3602 | D:5      | Gained mutation: Your spells are a little harder to cast, but a little more powerful. [mutagenic meat]
  3665 | D:5      | Reached XP level 8. HP: 35/61 MP: 8/8
  4515 | D:6      | Reached ** piety under Makhleb
  5044 | D:7      | Noticed a troll
  5052 | D:7      | Killed a troll
  5052 | D:7      | Gained mutation: You passively map the area around you. [Deep Dwarf growth]
  5052 | D:7      | Reached XP level 9. HP: 48/66 MP: 9/9
  5331 | D:7      | Noticed Prince Ribbit
  5359 | D:7      | Killed Prince Ribbit
  5439 | D:7      | Found a staircase to the Ecumenical Temple.
  5495 | Temple   | Entered the Ecumenical Temple
  6127 | D:8      | Found Kaamnet's Distillery.
  6144 | D:8      | HP: 2/99 [wolf[Grum] (3)]
  6191 | D:8      | Noticed Grum
  6198 | D:7      | HP: 3/66 [wolf[Grum] (3)]
  6332 | D:8      | Killed Grum
  6464 | D:8      | Bought a potion of heal wounds for 70 gold pieces
  6464 | D:8      | Bought a potion of mutation for 35 gold pieces
  6464 | D:8      | Gained mutation: Your flesh is heat resistant. (rF+) [potion of mutation]
  6464 | D:8      | Lost mutation: Your flesh is heat resistant. (rF+) [potion of mutation]
  6464 | D:8      | Gained mutation: You are resistant to hostile enchantments. (MR+) [potion of mutation]
  6551 | D:8      | Found Jukitel's Antique Armour Emporium.
  6611 | D:8      | Reached XP level 10. HP: 16/72 MP: 10/10
  6626 | D:8      | Found a hide-covered altar of Uskayaw.
  6740 | D:8      | Reached *** piety under Makhleb
  6792 | D:8      | Found Obreol's Magic Scroll Shop.
  6847 | D:8      | Found a snail-covered altar of Cheibriados.
  7054 | D:8      | Found Vuggi's Weapon Boutique.
  7407 | D:9      | Found Keafewuh's Weapon Shoppe.
  7458 | D:9      | Bought a +0 broad axe for 60 gold pieces
  7510 | D:9      | Killed an unseen horror
  7510 | D:9      | Reached skill level 10 in Axes
  7510 | D:9      | Reached skill level 10 in Armour
  7510 | D:9      | Reached skill level 10 in Shields
  7928 | D:9      | Reached skill level 1 in Evocations
  7933 | D:9      | Reached skill level 1 in Invocations
  8242 | D:9      | Reached **** piety under Makhleb
  8259 | D:9      | Noticed a centaur warrior
  8277 | D:9      | Killed a centaur warrior
  8468 | D:9      | Found a staircase to the Orcish Mines.
  8753 | D:9      | HP: 2/72 [orc warrior/war axe (10)]
  8773 | D:9      | Reached XP level 11. HP: 17/79 MP: 14/14
  9070 | D:10     | Entered Level 10 of the Dungeon
  9097 | D:10     | Found an iron altar of Okawaru.
  9097 | D:10     | Noticed Joseph
  9108 | D:10     | Noticed Psyche
  9118 | D:10     | Slain by Psyche

Vault maps used:
D:1:      dpeg_arrival_round_c
D:2:      amethyst_overflow_temple_binary
D:3:      kennysheep_big_flooded_room, lemuel_crystal_altar, grunt_ministairs_3,
          uniq_iyjb
D:4:      nicolae_overflow_crystal_walls, okawaru_ov_weapons_minmay,
          gammafunk_temple_overflow_pools, first_bread
D:7:      grunt_ogre_cave, uniq_prince_ribbit1
D:8:      slow_altar_1, lemuel_coloured_pillars_altar, serial_shops, shop, shop,
          kennysheep_mini, shop, kennysheep_nondescript, minmay_misc_feat_doors,
          uniq_grum
D:9:      minmay_distorted_concentric_squares, hiddenorc2_lemuel, serial_shops,
          kennysheep_little_box
D:10:     minmay_lair_entry_grove, basic_altar, uniq_joseph, uniq_psyche
Temple:   hc_temple_tempest_star

Skill      XL: |  1  2  3  4  5  6  7  8  9 10 |
---------------+-------------------------------+-----
Axes           | 3 4 5 6 8 9 10 | 10.2
Armour         | 4 5 6 8 9 10 | 10.9
Shields        | 4 5 6 8 9 10 | 10.9
Evocations     | 4 |  4.1
Invocations    | 4 |  4.5
Fighting       | |  2.6

Action                   |  1- 3 |  4- 6 |  7- 9 | 10-12 || total
-------------------------+-------+-------+-------+-------++-------
Melee: War axe           |   136 |   135 |   509 |   431 ||  1211
       Kick              |       |       |   104 |   116 ||   220
Evoke: Wand              |       |     3 |    14 |     2 ||    19
  Use: Scroll            |       |    10 |     7 |     6 ||    23
       Potion            |       |     2 |     3 |     9 ||    14
 Stab: Invisible         |       |       |       |     5 ||     5
  Eat: Chunk             |     2 |     4 |    11 |     5 ||    22
       Beef jerky        |       |     1 |     3 |     2 ||     6
       Pizza             |       |       |       |     1 ||     1
Armor: Scale mail        |    82 |    44 |   178 |    13 ||   317
       Skin              |       |       |    23 |       ||    23
       Chain mail        |       |       |       |   118 ||   118
Dodge: Dodged            |    55 |    34 |   155 |    65 ||   309
Block: Shield            |    79 |    80 |   296 |   220 ||   675
